 Dungeon Crawl Stone Soup version 0.28-a0-1130-gc51a68064b (webtiles) character file.

Game seed: 5345224961336312579

2270 lavaorc the Carver (level 9, -9/79 HPs)
             Began as a Minotaur Fighter on Dec 13, 2021.
             Mangled by an orc warrior (16 damage)
             ... in a bailey.
             The game lasted 00:29:17 (8071 turns).

lavaorc the Carver (Minotaur Fighter)               Turns: 8071, Time: 00:29:18

Health: -9/79      AC: 16    Str: 21    XL:     9   Next: 16%
Magic:  8/8        EV:  9    Int:  5    God:
Gold:   619        SH:  5    Dex: 14    Spells: 8/8 levels left

rFire   . . .      SeeInvis .   a - +3 long sword
rCold   . . .      Faith    .   c - +0 buckler
rNeg    . . .      Spirit   .   A - +0 chain mail
rPois   +          Reflect  .   (helmet restricted)
rElec   .          Harm     .   C - +0 cloak
rCorr   +          Rampage  .   t - +1 pair of gloves
Will    .....                   B - +0 pair of boots
Stlth   ..........              (no amulet)
HPRegen 0.23/turn               m - ring of poison resistance
MPRegen 0.11/turn               z - ring of resist corrosion

@: no status effects
A: horns 2, retaliatory headbutt
a: no special abilities


You were in a bailey.
You visited 1 branch of the dungeon, and saw 7 of its levels.
You also visited: Bailey.

You collected 829 gold pieces.
You spent 210 gold pieces at shops.

Inventory:

Hand Weapons
 a - a +3 long sword (weapon)
 e - a +0 falchion
 w - a +0 rapier
Armour
 b - a +0 scale mail
 c - a +0 buckler (worn)
 t - a +1 pair of gloves (worn)
 A - a +0 chain mail (worn)
 B - a +0 pair of boots (worn)
 C - a +0 cloak (worn)
Jewellery
 m - a ring of poison resistance (left hand)
 s - a ring of magical power
 z - a ring of resist corrosion (right hand)
Wands
 E - a wand of charming (5) (quivered)
 G - a wand of iceblast (7)
Scrolls
 g - 3 scrolls of identify
 h - 3 scrolls of teleportation
 i - 2 scrolls of fog
 l - 4 scrolls of vulnerability {unknown}
 o - a scroll of enchant weapon
 q - 2 scrolls of enchant armour {unknown}
 u - 2 scrolls of amnesia {unknown}
 v - a scroll of brand weapon {unknown}
 y - a scroll of silence {unknown}
 F - a scroll of fear {unknown}
 I - a scroll of torment {unknown}
Potions
 d - 2 potions of might
 f - 4 potions of curing {unknown}
 j - 5 potions of heal wounds
 k - a potion of flight {unknown}
 n - a potion of invisibility {unknown}
 p - a potion of degeneration {unknown}
 r - 2 potions of cancellation {unknown}
 x - 3 potions of brilliance {unknown}
 D - 2 potions of attraction {unknown}
 H - a potion of haste {unknown}


   Skills:
 + Level 7.1 Fighting
 + Level 9.5 Long Blades
 + Level 8.2 Armour
 + Level 2.6 Dodging
 + Level 0.7 Stealth
 + Level 6.1 Shields
 + Level 0.2 Evocations


You had 8 spell levels left.
You didn't know any spells.
Your spell library contained the following spells:

 Spells                   Type           Power      Damage    Failure   Level
 Animate Skeleton         Necr           0%         N/A       98%         1
 Apportation              Tloc           0%         N/A       98%         1
 Pain                     Necr           0%         1d4       98%         1
 Summon Small Mammal      Summ           0%         N/A       98%         1
 Ensorcelled Hibernation  Hex/Ice        0%         N/A       99%         2
 Passwall                 Tmut/Erth      0%         N/A       99%         2
 Swiftness                Air            0%         N/A       100%        3
 Tukima's Dance           Hex            0%         N/A       100%        3
 Agony                    Necr           0%         N/A       100%        5
 Blade Hands              Tmut           0%         N/A       100%        5
 Excruciating Wounds      Necr           0%         N/A       100%        5
 Irradiate                Conj/Tmut      0%         3d14      100%        5
 Dragon Form              Tmut           0%         N/A       100%        7


Dungeon Overview and Level Annotations

Branches:
Dungeon (7/15)             Temple (0/1) D:6          Bailey (1/1)

Altars:
Ashenzari
Hepliaklqana
Nemelex Xobeh
Okawaru
Qazlal
Sif Muna
Xom
Beogh

Shops:
D:6 !?*:


Innate Abilities, Weirdness & Mutations

You have a pair of horns on your head.
You reflexively headbutt those who attack you in melee.


Message History

You kill the orc!
The orc completely misses you. The orc warrior barely misses you.
The orc hits you but does no damage.
The orc warrior hits you from afar with a +0 bardiche.
The orc curses noisily.
The orc barely misses you. The orc warrior closely misses you.
Found three items.
The orc hits you but does no damage. You block the orc warrior's attack.
The orc hits you with a +0 trident. The orc hits you but does no damage.
The orc hits you from afar with a +0 spear.
The orc warrior barely misses you. The orc hits you but does no damage.
You see here a +0 halberd.
You hit the orc warrior.
The orc warrior is lightly wounded.
The orc closely misses you.
The orc warrior hits you from afar with a +0 glaive!
The orc warrior hits you but does no damage.
You block the orc's attack. The orc barely misses you.
The orc hits you but does no damage.
The orc warrior hits you but does no damage.
You block the orc's attack.
You hit the orc warrior but do no damage.
You headbutt the orc warrior.
The orc warrior is lightly wounded.
The orc closely misses you. You block the orc warrior's attack.
The orc warrior closely misses you. You furiously retaliate!
You headbutt the orc warrior, but do no damage.
The orc hits you with a +0 trident.
You slash the orc warrior!
The orc warrior is severely wounded.
The orc barely misses you. You block the orc's attack.
The orc warrior hits you with a +0 halberd.
* * * LOW HITPOINT WARNING * * *
The orc completely misses you. You block the orc's attack.
The orc warrior hits you from afar with a +0 glaive!
* * * LOW HITPOINT WARNING * * *
The orc hits you with a +0 trident.
* * * LOW HITPOINT WARNING * * *
The orc warrior hits you with a +0 bardiche!
You die...

####### ########
##.....## ##..)....
..#...oo..######...)))..
?.'...oo).#....#...))...
!.'..o.@..'....'...)))..
!.'..ooo).#....#........
..#...o...######........
##.....## ##.......
####### ########


You could see 3 orc warriors and 6 orcs.

Vanquished Creatures
  A hornet (D:7)
  5 ice beasts
  A black bear (D:6)
  2 ogres (D:6)
  A necrophage (D:5)
  2 phantoms (D:5)
  A gnoll sergeant (D:6)
  A scorpion (D:4)
  A water moccasin skeleton (D:6)
  A centaur zombie (D:5)
  5 hounds
  2 centaur skeletons (D:6)
  A jelly (D:6)
  2 bullfrog skeletons (D:5)
  4 orc priests
  5 iguanas
  An orc wizard (D:4)
  A hound skeleton (D:5)
  A howler monkey zombie (D:5)
  6 adders
  7 gnolls
  A shadow imp (D:6)
  A white imp (D:6)
  3 ufetubi
  2 worms
  3 dart slugs
  42 orcs
  12 ball pythons
  6 endoplasms
  3 giant cockroaches (D:1)
  7 goblins
  9 hobgoblins
  3 jackals (D:3)
  A kobold (D:2)
  3 quokkas
  6 bats
  8 frilled lizards
  9 rats
170 creatures vanquished.

Vanquished Creatures (collateral kills)
  An iguana (D:5)
1 creature vanquished.

Vanquished Creatures (others)
  A shadow imp (D:5)
  An orc (D:5)
  3 plants (D:4)
5 creatures vanquished.

Grand Total: 176 creatures vanquished

Notes
Turn   | Place    | Note
-------+----------+-------------------------------------------
     0 | D:1      | lavaorc the Minotaur Fighter began the quest for the Orb.
     0 | D:1      | Reached XP level 1. HP: 19/19 MP: 0/0
    86 | D:1      | Reached XP level 2. HP: 24/27 MP: 1/1
   656 | D:1      | Found a faded altar of an unknown god.
   861 | D:1      | Reached XP level 3. HP: 32/33 MP: 2/2
  1284 | D:2      | Reached skill level 3 in Long Blades
  2209 | D:3      | Found a shimmering altar of Xom.
  2216 | D:3      | Found a shimmering altar of Xom.
  2218 | D:3      | Found a shimmering altar of Xom.
  2218 | D:3      | Found a shimmering altar of Xom.
  2219 | D:3      | Found a shimmering altar of Xom.
  2222 | D:3      | Found a shimmering altar of Xom.
  2362 | D:3      | Noticed an ice beast
  2379 | D:3      | Killed an ice beast
  2380 | D:3      | Reached skill level 4 in Long Blades
  2380 | D:3      | Reached skill level 5 in Armour
  2380 | D:3      | Reached XP level 4. HP: 21/41 MP: 3/3
  2380 | D:3      | Reached XP level 5. HP: 24/47 MP: 4/4
  2654 | D:3      | Found a shimmering blue altar of Sif Muna.
  3006 | D:4      | Reached skill level 1 in Dodging
  3006 | D:4      | Reached XP level 6. HP: 30/53 MP: 5/5
  3050 | D:4      | Reached skill level 5 in Long Blades
  3355 | D:4      | Found a stormy altar of Qazlal.
  3425 | D:4      | Found a hazy altar of Hepliaklqana.
  4333 | D:5      | Entered Level 5 of the Dungeon
  4436 | D:5      | Reached skill level 6 in Long Blades
  4436 | D:5      | Reached XP level 7. HP: 59/60 MP: 6/6
  5044 | D:5      | Found an iron altar of Okawaru.
  5214 | D:5      | Reached skill level 5 in Fighting
  5214 | D:5      | Reached skill level 7 in Long Blades
  5336 | D:5      | Reached skill level 5 in Shields
  5438 | D:5      | Reached XP level 8. HP: 60/69 MP: 7/7
  5820 | D:6      | Found Ihin's Assorted Antiques.
  5850 | D:6      | Reached skill level 8 in Long Blades
  5889 | D:6      | Found a broken altar of Ashenzari.
  5904 | D:6      | Found a staircase to the Ecumenical Temple.
  6497 | D:6      | Found Anau's Book Shoppe.
  6695 | D:6      | Reached skill level 9 in Long Blades
  6742 | D:6      | Found Siebbisk's Distillery.
  6757 | D:6      | Found Juiwuilu's Magic Scroll Shoppe.
  6763 | D:6      | Bought a scroll of enchant weapon for 105 gold pieces
  6763 | D:6      | Bought a scroll of enchant weapon for 105 gold pieces
  7123 | D:7      | Noticed a hornet
  7132 | D:7      | Killed a hornet
  7133 | D:7      | Reached XP level 9. HP: 22/78 MP: 8/8
  7612 | D:7      | Found a sparkling altar of Nemelex Xobeh.
  7740 | D:7      | Found a flagged portal.
  7756 | Bailey   | Entered a bailey
  8071 | Bailey   | Mangled by an orc warrior

Illustrated notes

Levels and vault maps discovered:
D:1:      sevenhm_arrival_forest_fort_large_3, layout_basic,
          hellmonk_ecumenical_altar_defaced_shrine
D:2:      layout_basic
D:3:      layout_rooms, xom_redecorated, lemuel_crystal_altar
D:4:      layout_basic, nicolae_qazlal_scattered_showers,
          nicolae_overflow_crystal_walls, minmay_lizard_king
D:5:      minmay_polygon_palace, layout_basic, mainiacjoe_overflow_brackets,
          minmay_liquid_box, grunt_ministairs_1, nicolae_elevator_lobby_asterisk
D:6:      layout_rooms, lemuel_tele_altar, minmay_temple_entry_ruins,
          serial_shops, shop, nicolae_diamond_shop, nicolae_inconvenience_store,
          shop, grunt_ministairs_11
D:7:      layout_gridville, nemelex_xobeh_ov_fountains_minmay, enter_bailey_3
Bailey:   bailey_polearm_5, bailey

Skill      XL: |  1  2  3  4  5  6  7  8  9 |
---------------+----------------------------+-----
Shields        | 4 5 6 |  6.1
Fighting       | 4 5 6 7 |  7.1
Armour         | 4 5 6 8 |  8.2
Long Blades    | 4 6 7 9 |  9.5
Dodging        | 1 2 |  2.6
Stealth        | |  0.7
Evocations     | |  0.2

Action                   |  1- 3 |  4- 6 |  7- 9 || total
-------------------------+-------+-------+-------++-------
Melee: Long sword        |   119 |   114 |   225 ||   458
       Headbutt          |    12 |    22 |    48 ||    82
Evoke: Wand              |       |       |     3 ||     3
  Use: Scroll            |       |     3 |     4 ||     7
Armor: Scale mail        |    58 |    45 |     4 ||   107
       Chain mail        |       |       |   160 ||   160
Dodge: Dodged            |    54 |    50 |   128 ||   232
Block: Buckler           |    27 |    26 |    99 ||   152

Table legend: (Time is in decaauts)
 A = Elapsed time spent in this place.
 B = Non-inter-level travel time spent in this place.
 C = Inter-level travel time spent in this place.
 D = Time resting spent in this place.
 E = Time spent auto-exploring this place.
 F = Levels seen in this place.
 G = Mean time per level.
                   A        B        C        D        E       F      G
               +--------+--------+--------+--------+--------+-----+--------+
         Total |   8118 |   8117 |      1 |   1399 |   3810 |   8 | 1014.8 |
       Dungeon |   7806 |   7805 |      1 |   1156 |   3810 |   7 | 1115.1 |
        Bailey |    312 |    312 |      0 |    243 |      0 |   1 |  312.0 |
               +--------+--------+--------+--------+--------+-----+--------+

Top non-repeatable levels by time:
     D:5: 1975 daAuts
     D:4: 1469 daAuts
     D:2: 1200 daAuts
     D:1: 1027 daAuts
     D:6: 798 daAuts
     D:3: 680 daAuts
     D:7: 653 daAuts
  Bailey: 312 daAuts
